 Dungeon Crawl Stone Soup version 0.30-a0-475-g03497ec522 (webtiles) character file.

Game seed: 11584031312782051216

2702935 freelancePsychic the Heavyweight Champion (level 27, 352/352 HPs)
             Began as a Troll Reaver on Dec 20, 2022.
             Was the Champion of Hepliaklqana.
             Escaped with the Orb
             ... and 4 runes!
             The game lasted 02:11:47 (56470 turns).

freelancePsychic the Heavyweight Champion (TrRe)   Turns: 56470, Time: 02:11:48

Health: 352/352    AC: 35    Str: 33    XL:     27
Magic:  41/42      EV: 20    Int: 18    God:    Hepliaklqana [******]
Gold:   6331       SH: 18    Dex: 23    Spells: 31/40 levels left

rFire   + + +      SeeInvis .      - Unarmed
rCold   + + .      Faith    .    a - +5 kite shield {reflect}
rNeg    + . .      Spirit   .    (body armour currently unavailable)
rPois   ∞          Reflect  +    R - +3 hat of Pondering {ponderous, Will+ MP+10 Int+5}
rElec   +          Harm     .    e - +2 cloak "Lilatiat" {rF+ Will- Dex+2}
rCorr   .          Rampage  .    (gloves unavailable)
Will    ++...                    (boots unavailable)
Stlth   +.........               G - amulet of Omnenyat {*Corrode rC+ Regen+ Str+6}
HPRegen 2.38/turn                n - ring of Wytiror {rPois rF++ rC+}
MPRegen 0.28/turn                V - +4 ring of protection

@: mighty, statue-form, flying, studying Ranged Weapons, very slow
A: slow and powerful, torment resistance 1, boosted hp, reduced essence, large,
unfitting armour, claws 3, regeneration 1, (shaggy fur 1), (tough skin 1),
talons 1, agile 2, clever 1, deterioration 1, subdued magic 1, inability to read
after injury 2, MP-powered wands
0: Orb of Zot
}: 4/15 runes: serpentine, barnacled, silver, abyssal
a: End Transformation, Renounce Religion, Recall Ancestor, Ancestor Identity,
Transference, Idealise


You escaped.
You worshipped Hepliaklqana.
Hepliaklqana was exalted by your worship.
You were a living statue of rough stone.
You visited 11 branches of the dungeon, and saw 51 of its levels.
You visited the Abyss 3 times.
You visited 1 bazaar.
You also visited: Ossuary and Ice Cave.

You collected 8674 gold pieces.
You spent 2343 gold pieces at shops.

Inventory:

Missiles
 m - 47 boomerangs
 D - 29 curare-tipped darts
 H - 5 throwing nets
 I - 114 large rocks (quivered)
 L - 19 javelins
 N - 24 silver javelins
 Z - 3 silver boomerangs
Armour
 a - a +5 kite shield of reflection (worn)
 e - the +2 cloak "Lilatiat" (worn) {rF+ Will- Dex+2}
   (You found it on level 3 of the Elven Halls)

   Dex:       It affects your dexterity (+2).
   rF:        It protects you from fire.
   Will:      It decreases your willpower.
 J - +3 steam dragon scales (melded)
 R - the +3 hat of Pondering (worn) {ponderous, Will+ MP+10 Int+5}
   (You took it off Gastronok on level 12 of the Dungeon)

   Int:       It affects your intelligence (+5).
   MP:        It affects your magic capacity (+10).
   Will:      It increases your willpower.
Jewellery
 f - an amulet of reflection
 n - the ring of Wytiror (left claw) {rPois rF++ rC+}
   (You acquired it on level 1 of the Depths)

   [ring of protection from cold]

   rF:        It greatly protects you from fire.
   rC:        It protects you from cold.
   rPois:     It protects you from poison.
 r - the amulet "Ughufof" {Reflect rPois SH+5}
   (You took it off a wizard on level 1 of the Crypt)

   [amulet of reflection]

   It reflects blocked missile attacks.
   rPois:     It protects you from poison.
   SH:        It affects your SH (+5).
 w - the ring "Ekuoh Merr" {rN+ Str+5 Dex+3}
   (You found it on level 3 of the Crypt)

   [ring of positive energy]

   Str:       It affects your strength (+5).
   Dex:       It affects your dexterity (+3).
   rN:        It protects you from negative energy.
 G - the amulet of Omnenyat (around neck) {*Corrode rC+ Regen+ Str+6}
   (You found it on level 3 of the Crypt)

   [amulet of regeneration]

   Str:       It affects your strength (+6).
   rC:        It protects you from cold.
   Regen:     It increases your rate of health regeneration.
   *Corrode:  It may corrode you when you take damage.
 K - the ring of Ishac {Contam rF+ rN++ rCorr}
   (You found it on level 4 of the Shoals)

   [ring of protection from fire]

   rF:        It protects you from fire.
   rN:        It greatly protects you from negative energy.
   Contam:    It causes magical contamination when unequipped.
   rCorr:     It protects you from acid and corrosion.
 V - a +4 ring of protection (right claw)
Wands
 g - a wand of flame (50)
 h - a wand of paralysis (38)
 i - a wand of digging (5)
 u - a wand of acid (36)
 x - a wand of roots (38)
 F - a wand of mindburst (31)
Scrolls
 k - 5 scrolls of fog
 p - 7 scrolls of fear
 q - 11 scrolls of amnesia
 y - 8 scrolls of vulnerability
 z - 6 scrolls of poison
 C - 6 scrolls of magic mapping
 E - 41 scrolls of identify {@r1}
 O - 4 scrolls of torment
 S - 6 scrolls of silence
 T - 4 scrolls of teleportation {@r4}
 U - 5 scrolls of immolation
 X - 4 scrolls of brand weapon
Potions
 b - 7 potions of lignification
 d - 8 potions of curing {@q1}
 l - 3 potions of ambrosia
 o - 6 potions of might
 s - 7 potions of attraction
 v - 4 potions of berserk rage
 A - 7 potions of flight
 B - 8 potions of brilliance
 W - 4 potions of magic
 Y - 4 potions of resistance
Miscellaneous
 Q - a phantom mirror


   Skills:
 + Level 22.7 Fighting
 - Level 11.1 Throwing
 - Level 15.0 Dodging
 - Level 10.3 Shields
 O Level 27 Unarmed Combat
 - Level 7.1 Spellcasting
 - Level 2.1 Conjurations
 - Level 13.4 Transmutations
 - Level 16.7 Earth Magic
 - Level 8.7 Invocations


You had 31 spell levels left.
You knew the following spells:

 Your Spells              Type           Power      Damage    Failure   Level
a - Kiss of Death         Conj/Necr      28%        2d7       11%         1
b - Statue Form           Tmut/Erth      30%        N/A       4%          6
c - Wereblood             Tmut           42%        N/A       1%          2

Your spell library contained the following spells:

 Spells                   Type           Power      Damage    Failure   Level
 Sandblast                Erth           100%       2d20      0%          1
 Beastly Appendage        Tmut           84%        N/A       1%          1
 Sting                    Tmut/Pois      92%        1d7       1%          1
 Stone Arrow              Conj/Erth      62%        3d10      1%          3
 Petrify                  Tmut/Erth      46%        N/A       1%          4
 Blade Hands              Tmut           21%        N/A       1%          5
 Spider Form              Tmut/Pois      23%        N/A       2%          3
 Animate Armour           Summ/Erth      56%        N/A       4%          4
 Magic Dart               Conj           44%        1d5       7%          1
 Ignite Poison            Fire/Tmut/Pois 17%        N/A       8%          3
 Searing Ray              Conj           22%        2d5       10%         2
 Foxfire                  Conj/Fire      28%        2x1d5     11%         1
 Shock                    Conj/Air       28%        1d4       11%         1
 Ice Form                 Ice/Tmut       23%        N/A       11%         4
 Momentum Strike          Conj/Tloc      14%        3d8       16%         2
 Static Discharge         Conj/Air       14%        2-3/arc   16%         2
 Borgnjor's Vile Clutch   Necr/Erth      14%        N/A       16%         5
 Apportation              Tloc           8%         N/A       17%         1
 Freeze                   Ice            16%        1d4       17%         1
 Irradiate                Conj/Tmut      13%        3d16      19%         5
 Blink                    Tloc           8%         N/A       26%         2
 Cigotuvi's Dreadful Rot  Necr/Pois/Air  8%         N/A       26%         2
 Poisonous Vapours        Pois/Air       8%         N/A       26%         2
 Scorch                   Fire           8%         2d5       26%         2
 Alistair's Intoxication  Tmut/Pois      15%        N/A       30%         5
 Yara's Violent Unravell  Hex/Tmut       11%        3d6       30%         5
 Dazzling Flash           Conj/Hex       14%        N/A       32%         3
 Hailstorm                Conj/Ice       7%         3d4       32%         3
 Mephitic Cloud           Conj/Pois/Air  6%         N/A       36%         3
 Gell's Gravitas          Tloc           4%         N/A       47%         3
 Kindle Blastsparks       Fire/Tloc/Air  8%         2d10      47%         3
 Lesser Beckoning         Tloc           8%         N/A       47%         3
 Ozocubu's Armour         Ice            4%         N/A       47%         3
 Portal Projectile        Hex/Tloc       8%         N/A       47%         3
 Summon Guardian Golem    Hex/Summ       4%         N/A       47%         3
 Swiftness                Air            4%         N/A       47%         3
 Teleport Other           Tloc           4%         N/A       47%         3
 Tukima's Dance           Hex            4%         N/A       47%         3
 Vhi's Electric Charge    Tloc/Air       8%         N/A       47%         3
 Iron Shot                Conj/Erth      15%        9d4       47%         6
 Flame Wave               Conj/Fire      7%         2d5       73%         4
 Fulminant Prism          Conj/Hex       3%         3d5       73%         4
 Iskenderun's Mystic Bla  Conj/Tloc      7%         2d4       73%         4
 Airstrike                Air            2%         2d(1-17)  87%         4
 Anguish                  Hex/Necr       2%         N/A       87%         4
 Dispel Undead            Necr           4%         3d7       87%         4
 Manifold Assault         Tloc           4%         N/A       87%         4
 Passage of Golubria      Tloc           4%         N/A       87%         4
 Summon Ice Beast         Ice/Summ       4%         N/A       87%         4
 Eringya's Noxious Bog    Tmut/Pois      11%        N/A       87%         6
 Arcjolt                  Conj/Air       3%         1d13      97%         5
 Fireball                 Conj/Fire      3%         3d4       97%         5
 Lightning Bolt           Conj/Air       3%         1d15      97%         5
 Agony                    Necr           4%         N/A       99%         5
 Metabolic Englaciation   Hex/Ice        2%         N/A       99%         5
 Silence                  Hex/Air        2%         N/A       99%         5
 Summon Forest            Summ/Tloc      2%         N/A       99%         5
 Summon Mana Viper        Hex/Summ       4%         N/A       99%         5
 Conjure Ball Lightning   Conj/Air       3%         3x3d6     100%        6
 Death Channel            Necr           2%         N/A       100%        6
 Dispersal                Tloc           2%         N/A       100%        6
 Simulacrum               Ice/Necr       2%         N/A       100%        6
 Starburst                Conj/Fire      3%         6d3       100%        6
 Summon Cactus Giant      Summ           2%         N/A       100%        6
 Enfeeble                 Hex            2%         N/A       100%        7
 Malign Gateway           Summ/Tloc      2%         N/A       100%        7
 Monstrous Menagerie      Summ           2%         N/A       100%        7
 Orb of Destruction       Conj           5%         9d5       100%        7
 Ozocubu's Refrigeration  Ice            2%         4d7       100%        7
 Spellforged Servitor     Conj/Summ      3%         N/A       100%        7
 Storm Form               Tmut/Air       11%        N/A       100%        7
 Summon Hydra             Summ           2%         N/A       100%        7
 Disjunction              Tloc           2%         N/A       100%        8
 Lehudib's Crystal Spear  Conj/Erth      15%        10d5      100%        8
 Summon Horrible Things   Summ           2%         N/A       100%        8
 Fire Storm               Conj/Fire      3%         8d1       100%        9


Dungeon Overview and Level Annotations

Branches:
Dungeon (15/15)            Temple (0/1) D:7            Lair (5/5) D:10
 Shoals (4/4) Lair:2        Snake (4/4) Lair:3        Slime (0/5) Lair:4
    Orc (2/2) D:12            Elf (3/3) Orc:2        Vaults (5/5) D:13
  Crypt (3/3) Vaults:3       Tomb (1/3) Crypt:3      Depths (4/4) D:15
    Zot (5/5) Depths:4    Ossuary (visited)           IceCv (visited)

Altars:
Elyvilon
Fedhas
Gozag
Hepliaklqana
Qazlal
Ru
Sif Muna
Uskayaw
Yredelemnul

Shops:
D:2 **   D:3 *   Orc:2 ![**   Shoals:1 *   Shoals:2 *   Snake:1 *   Snake:3 !
Snake:4 **!(   Vaults:2 =   Zot:4 *   Depths:4 :=:

Portals:
Hell: Depths:1 Depths:2 Depths:3 Depths:4
Abyss: Depths:3
Pandemonium: Depths:2 Depths:4
Ziggurat: Depths:2

Annotations:
Shoals:1 3 runed translucent doors, exclusion: obsidian statue, Cihivoiw's ghost, adept TeCj
Elf:2 3 runed translucent doors


Innate Abilities, Weirdness & Mutations

You are a living statue of rough stone.
Your actions are slow, but your melee attacks are powerful.
You are resistant to unholy torment.
Your maximum health is greatly increased.
You are immune to poison.
Your equipment is partially melded.
Your life essence is reduced to manifest your ancestor. (-10% HP)
You are too large for most types of armour.
You have claws for hands.
Your natural rate of healing is unusually fast.
((You are covered in fur. (AC +1)))
((You have tough skin. (AC +1)))
You have sharp toenails.
You are very agile. (Dex +8, Str/Int -2)
Your mind is acute. (Int +4, Str/Dex -1)
Your body sometimes deteriorates upon taking damage.
Your spells are a little easier to cast, but a little less powerful.
You sometimes lose the ability to read scrolls when taking damage.
You expend magic power (3 MP) to strengthen your wands.


Message History

Kaya hits the orange demon with a +0 antimagic quick blade!
The smoke demon gestures at you.
The sticky flame hits Kaya but does no damage.
You feel very buoyant.
You fly up into the air.
The smoke demon hits Kaya but does no damage. x3
Kaya hits the smoke demon with a +0 antimagic quick blade!
The smoke demon's magic leaks into the air.
Kaya hits the smoke demon with a +0 antimagic quick blade.
The smoke demon's magic leaks into the air.
The smoke demon hits Kaya!
The smoke demon hits Kaya but does no damage. x2
Kaya points at the smoke demon and mumbles some strange words.
The smoke demon easily resists.
The smoke demon hits Kaya but does no damage. x3
Kaya hits the smoke demon with a +0 antimagic quick blade!
The smoke demon's magic leaks into the air.
Kaya hits the smoke demon with a +0 antimagic quick blade!
The smoke demon's magic leaks into the air.
The smoke demon hits Kaya but does no damage. x2
The smoke demon completely misses Kaya.
Kaya hits the smoke demon with a +0 antimagic quick blade.
The smoke demon's magic leaks into the air.
Kaya hits the smoke demon with a +0 antimagic quick blade!
The smoke demon dies!
The helpless orange demon fails to defend itself.
You eviscerate the orange demon!!!!!
You kill the orange demon!
You barely miss the ice devil. You claw the ice devil.
The ice devil is lightly wounded.
Kaya hits the ice devil with a +0 antimagic quick blade! x2
The ice devil closely misses you.
You eviscerate the ice devil!!!!!
You kill the ice devil!
No target in view!
No target in view!
There is an open door here.
There is a staircase leading out of the dungeon here.
You can't go down here!
You have escaped!

..##....#################....#
..##...## ###.......### ##...####
.)##..## ##.......§§..## ##..#...
)>##..# ##....≈≈§≈§§§..## #..#.##
).##.[# #...≈≈≈≈.§§§§...# #..#.#
..##.####..≈≈.......≈≈..####)#.#
.....# #...≈..#####§§≈...# #.#.#
.....# #..≈≈.##...##§§≈..# #.#.#
...#.# #..≈≈.##.8.##.≈≈..# #.#.#
##.#.# #..§≈.##.R.##.≈≈..# #...##
##.#.# #..§≈§.##'##.§§...# #.....
##.#.####..§§§§.....≈≈..####..###
##.#..# #...§≈§§≈≈≈≈§...# #...#
##.#..# ##..§.≈≈§≈≈....## #...#
##.#..## ##...........## ##...#
##.....## ###.......### ##....###
###.....########.########........


You could see the friendly Kaya the hexer.

Vanquished Creatures
  5 dread liches
  10 orbs of fire (Zot:5)
  Khufu (Crypt:2)
  Mara (Shoals:4)
  2 ancient liches
  5 royal mummies
  Josephina (Depths:4)
  Sojobo (Vaults:5)
  2 Killer Klowns (Zot:5)
  Margery (Depths:4)
  4 curse toes
  8 golden dragons
  Jory (Crypt:2)
  A profane servitor (D:15)
  4 bone dragons
  3 electric golems
  2 doom hounds (Crypt:3)
  Rupert (Lair:4)
  Jorgrun (Snake:2)
  24 tentacled monstrosities
  An Ice Fiend (Depths:2)
  2 deep elf blademasters (Elf:3)
  Grunn (Crypt:3)
  28 Orb Guardians
  6 liches
  2 titans (Vaults:5)
  A deep elf master archer (Elf:3)
  6 quicksilver dragons
  Polyphemus (Shoals:4)
  8 sphinxes
  4 ancient champions (Crypt:3)
  4 tengu reavers (Vaults:5)
  9 death cobs
  9 shadow dragons
  3 tentacled starspawn (Abyss:3)
  5 nagarajas
  18 storm dragons
  A revenant (Crypt:2)
  4 draconian monks
  10 draconian knights
  3 iron dragons (Vaults:5)
  A daeva (Depths:2)
  3 deep elf sorcerers
  12 vault wardens
  12 fire giants
  2 pandemonium lords
  7 frost giants
  7 draconian scorchers
  Louise (Snake:2)
  6 draconian shifters
  6 spectral caustic shrikes (Depths:4)
  2 curse skulls
  Aizul (Snake:2)
  4 ghost moths
  A quicksilver ooze (shapeshifter) (Depths:3)
  6 draconian stormcallers
  3 deep elf elementalists (Elf:3)
  17 ironbound preservers
  3 ghouls
  2 cacodemons
  5 spriggan defenders
  2 orc warlords
  2 angels (Depths:2)
  2 reapers
  9 ironbound thunderhulks
  4 bennus (Tomb:1)
  4 war gargoyles (Vaults:5)
  8 draconian annihilators
  24 very ugly things
  6 deep elf demonologists
  A juggernaut skeleton (Depths:1)
  18 stone giants
  A lorocyproca (Depths:1)
  4 vampire knights
  16 green draconians
  Azrael (D:14)
  12 dire elephants
  7 deep elf annihilators
  12 white draconians
  9 purple draconians
  11 black draconians
  14 yellow draconians
  3 minotaurs
  23 red draconians
  7 spark wasps
  Snorg (Orc:2)
  8 ettins
  A blizzard demon (Depths:1)
  4 merfolk javelineers
  A crystal guardian (Vaults:1)
  8 deep elf death magi (Elf:3)
  10 fire dragons
  A green death (D:6)
  5 mummy priests (Tomb:1)
  A quicksilver dragon zombie (Depths:2)
  6 jiangshi
  4 deep elf high priests
  9 merfolk impalers
  An entropy weaver (Vaults:1)
  7 great orbs of eyes
  4 eidola
  7 ice dragons
  11 yaktaur captains
  29 vault guards
  2 ogre magi
  2 peacekeepers
  7 ironbound frosthearts
  2 jorogumos (shapeshifter) (Vaults:5)
  6 spriggan air magi
  3 salamander tyrants (Snake:4)
  5 centaur warriors
  2 hydras
  16 satyrs
  2 alligator snapping turtles
  3 catoblepae
  3 merfolk avatars
  10 anacondas
  6 merfolk aquamancers
  4 two-headed ogres
  18 dancing weapons
  A death knight (Vaults:3)
  A boulder beetle (Vaults:4)
  7 tengu warriors
  6 vampire magi
  A fenstrider witch skeleton (Tomb:1)
  9 death yaks
  13 naga warriors
  3 deep troll shamans
  3 death scarabs (Tomb:1)
  Urug (Lair:5)
  6 spriggan berserkers
  8 naga sharpshooters
  2 deep troll earth magi
  3 orc high priests (Orc:2)
  An azure jelly zombie (Crypt:1)
  3 thrashing horrors (Abyss:3)
  7 shock serpents
  11 hell knights
  7 soul eaters
  A wretched star (Abyss:3)
  A sun demon (Depths:1)
  5 salamander mystics
  13 spriggans
  2 iron trolls
  18 skeletal warriors
  3 shadow wraiths
  A storm dragon zombie (Crypt:1)
  10 deep elf knights
  4 sixfirhies
  55 deep trolls
  13 sea snakes
  6 glowing orange brains
  3 naga ritualists
  3 spriggan druids (Depths:3)
  2 flayed ghosts
  15 wizards
  15 ironbound convokers
  A shadow demon (D:11)
  2 spriggan simulacra
  A swamp dragon (shapeshifter) (Depths:2)
  A glowing orange brain (shapeshifter) (Vaults:5)
  8 mana vipers
  4 lindwurms
  11 deep elf archers
  2 large abominations (Abyss:3)
  9 phantasmal warriors
  17 harpies
  10 necromancers
  11 orc knights
  17 deep elf zephyrmancers
  Pikel (D:5)
  59 ugly things
  6 cyclopes
  3 wolf spiders
  12 deep elf pyromancers
  A fire giant zombie (Depths:1)
  5 orc sorcerers (Orc:2)
  11 salamanders
  A worldbinder (Abyss:3)
  16 fauns
  23 moths of wrath
  18 manticores
  A stone giant skeleton (Crypt:1)
  An eleionoma skeleton (Crypt:1)
  21 black mambas
  7 guardian serpents
  An iron dragon skeleton (Depths:2)
  5 merfolk sirens
  3 water nymphs
  19 elephants
  An ice statue (Shoals:2)
  22 vault sentinels
  7 cane toads
  A torpor snail (Lair:5)
  13 naga magi
  2 gargoyles
  2 orange demons
  A centaur skeleton (Crypt:3)
  A demonic crawler (Abyss:3)
  A tormentor (Depths:4)
  An unseen horror (D:12)
  A hellion (Depths:2)
  4 efreet
  A pale draconian zombie (Crypt:2)
  A kobold demonologist (D:13)
  3 tengu conjurers
  A rime drake (Lair:5)
  An iron troll zombie (Crypt:3)
  8 komodo dragons
  28 yaktaurs
  3 hellwings
  An iron troll skeleton (Crypt:1)
  3 golden dragon simulacra
  2 ice devils
  3 meliai (Shoals:1)
  35 merfolk
  4 guardian mummies (Tomb:1)
  5 trolls
  2 ancient zymes (Abyss:3)
  A harpy skeleton (Crypt:3)
  A tengu simulacrum (Depths:4)
  5 wind drakes
  13 hornets
  13 blink frogs
  Grinder (D:5)
  3 polar bears
  10 snapping turtles
  A tarantella zombie (Crypt:3)
  2 raiju
  15 slime creatures
  8 dream sheep
  A fire dragon zombie (Crypt:1)
  6 air elementals
  16 starcursed masses (Abyss:3)
  A stone giant simulacrum (Depths:1)
  8 flying skulls (Tomb:1)
  3 ynoxinuls
  52 yaks
  An alligator snapping turtle simulacrum (Crypt:2)
  27 water elementals
  9 wraiths
  A shadow (D:13)
  16 humans (D:13)
  2 basilisks
  22 fire elementals
  4 golden eyes
  2 neqoxecs
  An ushabti (Tomb:1)
  2 steam dragons (D:8)
  2 chaos spawn (Depths:4)
  A redback (shapeshifter) (Depths:1)
  A small abomination (Abyss:3)
  2 harpy simulacra (IceCv)
  A redback simulacrum (D:15)
  15 vampire mosquitoes
  39 nagas
  A warg (Orc:2)
  Edmund (D:4)
  A swamp worm (shapeshifter) (Vaults:5)
  A deep troll zombie (Crypt:1)
  A water moccasin (shapeshifter) (Vaults:5)
  11 water moccasins
  2 acid dragons
  A two-headed ogre zombie (Crypt:3)
  A floating eye (Depths:2)
  3 hell hounds (D:14)
  18 orc warriors
  A naga skeleton (Crypt:2)
  2 alligator simulacra (IceCv)
  5 black bears
  2 ogres
  3 ice beasts
  2 sky beasts
  An ettin simulacrum (IceCv)
  14 wolves
  10 centaurs
  2 phantoms (D:4)
  2 lemures (D:5)
  3 kobold brigands
  10 bullfrogs
  8 necrophages
  4 elf zombies (Ossuary)
  2 scorpions
  A yaktaur skeleton (Crypt:1)
  A naga simulacrum (Crypt:2)
  A wyvern zombie (Crypt:2)
  A gnoll sergeant (D:12)
  6 earth elementals
  8 wights (D:8)
  12 killer bees
  2 lindwurm simulacra (IceCv)
  An electric eel (D:11)
  7 hexers
  6 howler monkeys
  A basilisk zombie (Crypt:1)
  5 centaur zombies (Ossuary)
  4 hounds
  2 jellies
  A bullfrog skeleton (Crypt:2)
  3 human zombies (Ossuary)
  19 orc priests
  Crazy Yiuf (D:3)
  A gnoll bouda (D:7)
  4 iguanas
  11 orc wizards
  4 lightning spires (Depths:1)
  A tengu skeleton (Crypt:1)
  A tengu zombie (Crypt:2)
  14 mummies
  Robin (D:2)
  17 gnolls
  14 adders
  A shadow imp (D:5)
  A white imp (D:6)
  A jelly zombie (Crypt:2)
  A worm (D:3)
  4 dart slugs
  55 orcs
  6 ball pythons
  3 bats
  A bat zombie (Crypt:3)
  3 endoplasms
  3 giant cockroaches
  12 goblins
  7 hobgoblins
  9 jackals
  25 kobolds
  4 quokkas
  2 frilled lizards
  5 rats
  A river rat skeleton (Crypt:2)
  4 starspawn tentacles (Abyss:3)
2161 creatures vanquished.

Vanquished Creatures (collateral kills)
  A dread lich (Vaults:3)
  A Killer Klown (Zot:2)
  A golden dragon (Depths:4)
  An electric golem (Zot:1)
  2 tentacled monstrosities
  A Hell Sentinel (Depths:2)
  A lich (Crypt:1)
  A deep elf master archer (Elf:3)
  A quicksilver dragon (Zot:1)
  A kraken (Shoals:3)
  A death cob (Zot:3)
  Gastronok (D:12)
  4 sphinxes
  A storm dragon (Zot:3)
  A shadow dragon (Zot:4)
  2 nagarajas
  A revenant (Tomb:1)
  3 frost giants
  3 deep elf sorcerers
  A ghost moth (Zot:2)
  A draconian shifter (Zot:2)
  4 very ugly things
  A juggernaut zombie (Tomb:1)
  4 ironbound preservers
  2 stone giants (Depths:3)
  3 draconian annihilators
  4 deep elf annihilators
  A green draconian (Zot:1)
  A deep elf demonologist (Crypt:1)
  A black draconian (Zot:2)
  2 bennus (Tomb:1)
  An ironbound thunderhulk (Vaults:2)
  A yellow draconian (Zot:3)
  A dire elephant (Vaults:1)
  3 mummy priests (Tomb:1)
  2 blizzard demons
  2 merfolk javelineers
  4 deep elf death magi (Elf:3)
  A green death (D:5)
  3 yaktaur captains
  An entropy weaver (Abyss:3)
  3 ice dragons
  A merfolk impaler (Shoals:1)
  2 salamander tyrants
  2 vault guards (Vaults:5)
  A catoblepas (Lair:5)
  A hydra (Lair:3)
  A merfolk aquamancer (Shoals:2)
  An ironbound frostheart (Vaults:1)
  3 centaur warriors
  2 merfolk avatars
  A boulder beetle (shapeshifter) (Vaults:5)
  4 naga warriors
  2 two-headed ogres
  7 death yaks
  A death scarab (Tomb:1)
  3 satyrs
  A deep troll shaman (Depths:2)
  A tengu warrior (D:13)
  2 deep troll earth magi
  2 vampire magi
  A thrashing horror (Abyss:3)
  A shock serpent (shapeshifter) (Depths:1)
  An orc high priest (Orc:2)
  A shock serpent (Snake:1)
  3 spriggan berserkers
  A deep elf knight (Elf:2)
  3 hell knights
  A naga sharpshooter (Snake:4)
  2 soul eaters
  A shadow wraith (Crypt:3)
  A flayed ghost (Crypt:3)
  8 deep trolls
  3 sea snakes
  A lindwurm (Vaults:2)
  2 deep elf archers (Elf:3)
  A harpy (Shoals:1)
  A harpy (shapeshifter) (Elf:3)
  5 deep elf pyromancers
  A necromancer (Depths:4)
  4 ironbound convokers
  4 deep elf zephyrmancers
  5 fauns
  9 ugly things
  A cyclops (Shoals:1)
  7 manticores
  7 elephants
  6 moths of wrath
  3 salamanders
  9 black mambas
  An apocalypse crab (Abyss:3)
  A stone giant skeleton (Crypt:3)
  2 water nymphs (Shoals:1)
  3 merfolk sirens
  6 naga magi
  A titan simulacrum (Depths:4)
  An orange demon (Depths:4)
  2 smoke demons
  A torpor snail (Lair:5)
  4 vault sentinels
  A cane toad (Lair:2)
  An elephant slug zombie (Crypt:2)
  A rime drake (Lair:3)
  A komodo dragon (Lair:2)
  A naga skeleton (Tomb:1)
  11 yaktaurs
  A tengu conjurer (Depths:2)
  An anaconda simulacrum (IceCv)
  A golden dragon simulacrum (Depths:4)
  A guardian mummy (Tomb:1)
  A red devil (Depths:4)
  A silent spectre (Crypt:1)
  2 trolls
  8 merfolk
  A wind drake (Shoals:2)
  A boulder beetle zombie (Crypt:3)
  3 blink frogs
  6 dream sheep
  2 flying skulls (Tomb:1)
  2 slime creatures
  3 wyverns
  A spriggan (Lair:4)
  A wraith (Crypt:1)
  10 yaks
  An ettin skeleton (Crypt:3)
  5 water elementals
  An ushabti (Tomb:1)
  A ynoxinul (Zot:5)
  7 fire elementals
  3 golden eyes
  3 humans (D:13)
  11 nagas
  3 water moccasins
  3 orc warriors (Orc:2)
  4 wolves
  A spriggan simulacrum (Depths:1)
  A centaur (D:9)
  A kobold brigand (D:7)
  3 bullfrogs
  A necrophage (Crypt:1)
  An earth elemental (Elf:2)
  A wight (D:8)
  A howler monkey (D:11)
  A starcursed mass (Abyss:3)
  An orc priest (Orc:2)
  A gnoll bouda (D:7)
  4 orc wizards
  4 mummies (Tomb:1)
  6 gnolls
  An ufetubus (D:6)
  14 orcs
  A kobold (D:10)
  2 butterflies
  A starspawn tentacle (Abyss:3)
378 creatures vanquished.

Vanquished Creatures (others)
  A draconian stormcaller (Zot:3)
  A deep elf pyromancer (Crypt:1)
  A deep elf zephyrmancer (Elf:1)
  A manticore (Shoals:4)
  A moth of wrath (Zot:3)
  A water elemental (Shoals:3)
  A human (Crypt:1)
  A naga (Snake:2)
  An orc warrior (Orc:2)
  A lava snake (Snake:2)
  An orc priest (Orc:2)
  69 hexers
  3 ancestors (D:5)
  2 ball lightnings (Depths:1)
  A fire vortex (Orc:2)
  157 fungi
  A lurking horror (Abyss:3)
  264 plants
  4 starspawn tentacles (Abyss:3)
512 creatures vanquished.

Grand Total: 3051 creatures vanquished

Notes
Turn   | Place    | Note
-------+----------+-------------------------------------------
     0 | D:1      | freelancePsychic the Troll Reaver began the quest for the
                  | Orb.
     0 | D:1      | Reached XP level 1. HP: 19/19 MP: 1/1
   115 | D:1      | Found a faded altar of an unknown god.
   178 | D:1      | Reached XP level 2. HP: 19/28 MP: 2/2
   777 | D:2      | Reached XP level 3. HP: 26/35 MP: 3/3
   807 | D:2      | Reached skill level 1 in Throwing
   973 | D:2      | Noticed Robin
  1012 | D:2      | Found Giegud's Assorted Antiques.
  1022 | D:2      | Bought a scroll labelled CAULIPHAMNY for 25 gold pieces
  1022 | D:2      | Bought a scroll labelled HEMAKUME QUUCK for 25 gold pieces
  1082 | D:2      | Reached XP level 4. HP: 40/44 MP: 4/4
  1086 | D:2      | Killed Robin
  1316 | D:2      | Found Leurchuos's Assorted Antiques.
  1324 | D:2      | Bought a scroll labelled UMEQUN XESHRIT for 22 gold pieces
  1629 | D:3      | Reached XP level 5. HP: 53/53 MP: 5/5
  1654 | D:3      | Found Faebulay's General Store.
  1685 | D:3      | Bought a potion of might for 44 gold pieces
  2055 | D:3      | Found a shimmering blue altar of Sif Muna.
  2062 | D:3      | Found a hazy altar of Hepliaklqana.
  2066 | D:3      | Became a worshipper of Hepliaklqana the Forgotten
  2176 | D:3      | Found a runed translucent door.
  2177 | D:3      | Noticed Crazy Yiuf
  2382 | D:3      | Killed Crazy Yiuf
  2441 | D:4      | Noticed a black bear
  2448 | D:4      | Killed a black bear
  2449 | D:4      | Reached XP level 6. HP: 61/62 MP: 6/6
  2681 | D:4      | Reached skill level 4 in Unarmed Combat
  2981 | D:4      | Found a white marble altar of Elyvilon.
  2986 | D:4      | Noticed Edmund
  3012 | D:4      | Killed Edmund
  3013 | D:4      | Reached XP level 7. HP: 70/70 MP: 7/7
  3037 | D:4      | Reached * piety under Hepliaklqana
  3236 | D:5      | Entered Level 5 of the Dungeon
  3357 | D:5      | Reached skill level 5 in Throwing
  3357 | D:5      | Reached skill level 5 in Unarmed Combat
  3490 | D:5      | Noticed Grinder
  3512 | D:5      | Killed Grinder
  3513 | D:5      | Reached skill level 1 in Invocations
  3513 | D:5      | Reached XP level 8. HP: 30/71 MP: 8/8
  3546 | D:5      | Reached skill level 6 in Unarmed Combat
  3795 | D:5      | Noticed Pikel
  3830 | D:5      | Killed Pikel
  3831 | D:5      | Reached skill level 5 in Fighting
  3831 | D:5      | Reached skill level 7 in Unarmed Combat
  4149 | D:5      | Reached ** piety under Hepliaklqana
  4150 | D:5      | Remembered your ancestor Kaya as a hexer
  4293 | D:6      | Found an opulent altar of Gozag.
  4372 | D:6      | Reached XP level 9. HP: 75/79 MP: 10/10
  4385 | D:6      | Reached skill level 8 in Unarmed Combat
  4454 | D:6      | Found a sand-covered staircase.
  4465 | Ossuary  | Entered an ossuary
  4703 | D:6      | Reached skill level 9 in Unarmed Combat
  5250 | D:7      | Found a staircase to the Ecumenical Temple.
  5830 | D:8      | Reached *** piety under Hepliaklqana
  5835 | D:8      | Found a sacrificial altar of Ru.
  5857 | D:8      | Reached skill level 10 in Unarmed Combat
  5900 | D:8      | Noticed a cyclops
  5911 | D:8      | Killed a cyclops
  5912 | D:8      | Reached XP level 10. HP: 69/90 MP: 12/12
  6192 | D:8      | Reached skill level 11 in Unarmed Combat
  6259 | D:8      | Found a stormy altar of Qazlal.
  6523 | D:8      | Reached skill level 1 in Earth Magic
  6623 | D:9      | Reached skill level 1 in Transmutations
  6963 | D:9      | Reached **** piety under Hepliaklqana
  7182 | D:9      | Reached XP level 11. HP: 99/99 MP: 9/13
  7261 | D:10     | Entered Level 10 of the Dungeon
  7503 | D:10     | Reached skill level 5 in Earth Magic
  7681 | D:10     | Found a staircase to the Lair.
  8123 | D:11     | Noticed a two-headed ogre
  8133 | D:11     | Killed a two-headed ogre
  8284 | D:11     | Noticed a two-headed ogre
  8293 | D:11     | Killed a two-headed ogre
  8808 | Lair:1   | Entered Level 1 of the Lair of Beasts
  8979 | Lair:1   | Reached XP level 12. HP: 107/107 MP: 14/14
  8986 | Lair:1   | Learned a level 6 spell: Statue Form
  9082 | Lair:1   | Reached ***** piety under Hepliaklqana
  9330 | Lair:1   | Noticed a fire dragon
  9343 | Lair:1   | Killed a fire dragon
  9344 | Lair:1   | Reached skill level 5 in Transmutations
 10485 | Lair:2   | Noticed an eight-headed hydra
 10492 | Lair:2   | Killed an eight-headed hydra
 10579 | Lair:2   | Noticed a death yak
 10672 | Lair:2   | Noticed a death yak
 10678 | Lair:2   | Killed a death yak
 10690 | Lair:2   | Noticed a death yak
 10692 | Lair:2   | Noticed a death yak
 10725 | Lair:2   | Killed a death yak
 10726 | Lair:2   | Reached skill level 10 in Earth Magic
 10809 | Lair:2   | Killed a death yak
 10820 | Lair:2   | Killed a death yak
 11121 | Lair:2   | Found a staircase to the Shoals.
 11354 | Lair:2   | Reached XP level 13. HP: 38/114 MP: 14/17
 12101 | Lair:3   | Found a staircase to the Snake Pit.
 12736 | Lair:4   | Noticed Rupert
 12746 | Lair:4   | Killed Rupert
 12806 | Lair:4   | Found a staircase to the Slime Pits.
 13304 | Lair:4   | Noticed a dire elephant
 13311 | Lair:4   | Killed a dire elephant
 13439 | Lair:5   | Entered Level 5 of the Lair of Beasts
 13632 | Lair:5   | Reached XP level 14. HP: 122/122 MP: 13/19
 13640 | Lair:5   | Noticed Urug
 13670 | Lair:5   | Killed Urug
 14987 | D:12     | Found a staircase to the Orcish Mines.
 15076 | D:12     | Noticed Gastronok
 15088 | D:12     | Killed Gastronok
 15964 | Orc:1    | Entered Level 1 of the Orcish Mines
 16088 | Orc:2    | Entered Level 2 of the Orcish Mines
 16090 | Orc:2    | Reached ****** piety under Hepliaklqana
 16196 | Orc:2    | Noticed Snorg
 16203 | Orc:2    | Killed Snorg
 16378 | Orc:2    | Reached skill level 5 in Invocations
 16653 | Orc:2    | Found Odghuig's Distillery.
 16663 | Orc:2    | Reached skill level 12 in Unarmed Combat
 16765 | Orc:2    | Found a staircase to the Elven Halls.
 16925 | Orc:2    | Found Cure Rarch's Antique Armour Boutique.
 16926 | Orc:2    | Found Gunamut's Assorted Antiques.
 16926 | Orc:2    | Found Jevej's Assorted Antiques.
 17263 | D:13     | Reached XP level 15. HP: 133/133 MP: 20/20
 18032 | D:13     | Found a gate to the Vaults.
 18046 | D:13     | Identified the +0 cloak of Etorir {Harm rN+}
 18109 | D:14     | Noticed Azrael
 18117 | D:14     | Reached skill level 1 in Shields
 18148 | D:14     | Reached skill level 10 in Fighting
 18167 | D:14     | Killed Azrael
 18174 | D:14     | Reached skill level 13 in Unarmed Combat
 18536 | D:14     | Found an opulent altar of Gozag.
 18700 | D:15     | Entered Level 15 of the Dungeon
 18805 | D:15     | Reached skill level 5 in Shields
 18881 | D:15     | Gained mutation: You are vulnerable to cold. (rC-)
                  | [mutagenic glow]
 19101 | D:15     | Found a blossoming altar of Fedhas.
 19412 | D:15     | Lost mutation: You are vulnerable to cold. (rC-) [potion of
                  | mutation]
 19412 | D:15     | Gained mutation: You have an increased reservoir of magic.
                  | (+10% MP) [potion of mutation]
 19412 | D:15     | Gained mutation: Your body sometimes deteriorates upon
                  | taking damage. [potion of mutation]
 19412 | D:15     | Lost mutation: Your body sometimes deteriorates upon taking
                  | damage. [potion of mutation]
 19605 | D:15     | Found a staircase to the Depths.
 19869 | Snake:1  | Entered Level 1 of the Snake Pit
 20064 | Shoals:1 | Entered Level 1 of the Shoals
 20110 | Shoals:1 | Reached XP level 16. HP: 144/144 MP: 24/24
 20113 | Shoals:1 | Reached skill level 10 in Transmutations
 20181 | Shoals:1 | Found a hide-covered altar of Uskayaw.
 20274 | Shoals:1 | Identified the +11 arbalest "Faahau" {freeze, rPois}
 20530 | Shoals:1 | Found a runed translucent gate.
 20530 | Shoals:1 | Found a runed translucent gate.
 20530 | Shoals:1 | Found a runed translucent gate.
 20536 | Shoals:1 | Found an opulent altar of Gozag.
 20632 | Shoals:1 | Found Koco's Assorted Antiques.
 20632 | Shoals:1 | Noticed Cihivoiw's ghost (adept TeCj)
 20679 | Shoals:1 | Identified the +7 longbow "Niyjite" {drain, *Corrode rF+
                  | Int-5 Dex+8}
 20896 | Shoals:2 | Found Wuonaut's Assorted Antiques.
 20904 | Shoals:2 | Bought a potion of curing for 84 gold pieces
 20929 | Shoals:2 | Found a frozen archway.
 20938 | IceCv    | Entered an ice cave
 20958 | IceCv    | HP: 7/188 [golden dragon simulacrum (42)]
 21866 | Shoals:2 | Upgraded the game from 0.30-a0-469-g84de5afbc5 to
                  | 0.30-a0-475-g03497ec522
 22538 | Snake:1  | Found Azxus's Gadget Gallery.
 22638 | Snake:1  | Reached XP level 17. HP: 153/153 MP: 25/25
 23102 | Snake:2  | Identified the +1 tower shield of a ziggurat {rN+ Str+3
                  | Int-5}
 23102 | Snake:2  | Noticed Louise
 23116 | Snake:2  | Killed Louise
 23125 | Snake:2  | You fall into a shaft and drop 1 floor!
 23259 | Snake:3  | Found Haotur's Distillery.
 23259 | Snake:3  | Identified the +9 great sword "Weir" {protect, rN++ rCorr
                  | Str+3}
 23267 | Snake:3  | Reached skill level 10 in Shields
 23331 | Snake:3  | Bought a potion of heal wounds for 90 gold pieces
 23331 | Snake:3  | Bought a potion of heal wounds for 90 gold pieces
 23331 | Snake:3  | Bought a potion of resistance for 180 gold pieces
 23331 | Snake:3  | Bought a potion of haste for 180 gold pieces
 23331 | Snake:3  | Bought 2 potions of mutation for 288 gold pieces
 23873 | Snake:2  | Noticed Jorgrun
 23881 | Snake:2  | Killed Jorgrun
 24045 | Snake:2  | Reached skill level 5 in Dodging
 24287 | Snake:2  | Reached skill level 14 in Unarmed Combat
 24914 | Snake:2  | Noticed Aizul
 24921 | Snake:2  | Killed Aizul
 25482 | Snake:4  | Entered Level 4 of the Snake Pit
 25714 | Snake:4  | Found Neskerij's Distillery.
 25714 | Snake:4  | Found Vakys's General Store.
 25715 | Snake:4  | Found Xuxof's Weapon Shoppe.
 25719 | Snake:4  | Found Qufaf's General Store.
 25722 | Snake:4  | Bought a potion of heal wounds for 65 gold pieces
 25722 | Snake:4  | Bought a potion of heal wounds for 65 gold pieces
 25722 | Snake:4  | Bought a potion of haste for 130 gold pieces
 25722 | Snake:4  | Bought a potion of resistance for 130 gold pieces
 25722 | Snake:4  | Bought a potion of might for 52 gold pieces
 25725 | Snake:4  | Bought 2 potions of cancellation for 208 gold pieces
 25725 | Snake:4  | Bought a scroll of teleportation for 39 gold pieces
 25730 | Snake:4  | Bought a scroll of teleportation for 60 gold pieces
 25974 | Snake:4  | Reached XP level 18. HP: 164/164 MP: 24/26
 26176 | Snake:4  | Got a serpentine rune of Zot
 26949 | Elf:1    | Entered Level 1 of the Elven Halls
 27135 | Elf:1    | Paralysed by an air elemental for 1 turns
 27210 | Elf:1    | Reached skill level 15 in Unarmed Combat
 27300 | Elf:1    | Got the Lectures on the Barrage
 28349 | Elf:2    | Found a runed translucent gate.
 28349 | Elf:2    | Found a runed translucent gate.
 28350 | Elf:2    | Found a runed translucent gate.
 28731 | Elf:2    | Got Keattiamn's Quarto of Snow
 29077 | Elf:3    | Entered Level 3 of the Elven Halls
 29223 | Elf:3    | Reached skill level 16 in Unarmed Combat
 29417 | Abyss:3  | Found a corrupted altar of Lugonu.
 29417 | Abyss:3  | Cast into level 3 of the Abyss (a deep elf demonologist)
 29489 | Abyss:3  | Noticed a lich
 29501 | Abyss:3  | Killed a lich
 29558 | Abyss:3  | Paralysed by accursed screaming for 2 turns
 29566 | Abyss:3  | Reached XP level 19. HP: 63/175 MP: 22/22
 29575 | Abyss:3  | Got an abyssal rune of Zot
 29608 | Elf:3    | Escaped the Abyss
 29741 | Elf:3    | Reached skill level 17 in Unarmed Combat
 29915 | Elf:3    | Identified the +2 cloak "Lilatiat" {rF+ Will- Dex+2}
 29942 | Elf:3    | Got Sif Muna's Treatise on the Windy Black Widow
 29947 | Elf:3    | Identified the +5 shortbow of Descent {flame, rPois rCorr}
 30016 | Elf:3    | Reached skill level 10 in Dodging
 30446 | Elf:3    | Identified the ring "Ahyreija" {Fly Str-4 Dex+6 SInv
                  | Stlth+}
 31716 | Shoals:4 | Entered Level 4 of the Shoals
 31737 | Shoals:4 | Noticed Mara
 31757 | Shoals:4 | Reached skill level 18 in Unarmed Combat
 31757 | Shoals:4 | Noticed freelancePsychic's illusion
 31857 | Shoals:4 | Killed Mara
 31940 | Shoals:4 | Noticed Polyphemus
 31948 | Shoals:4 | Killed Polyphemus
 31979 | Shoals:4 | Reached XP level 20. HP: 187/187 MP: 28/28
 32227 | Shoals:4 | Identified the ring of Ishac {Contam rF+ rN++ rCorr}
 32231 | Shoals:4 | Identified the +5 broad axe "Zonwis" {venom, Int+4 Dex-2}
 32360 | Shoals:4 | Got the Almanac of Grit
 32393 | Shoals:4 | Got a barnacled rune of Zot
 32725 | Vaults:1 | Entered Level 1 of the Vaults
 32800 | Vaults:1 | Found a flickering gateway to a bazaar.
 32806 | Bazaar   | Entered a bazaar
 32806 | Bazaar   | Found Binic's Magic Scroll Emporium.
 32806 | Bazaar   | Found Oxutam's Antique Armour Shoppe.
 32806 | Bazaar   | Found Womifuw's Magic Scroll Shoppe.
 32806 | Bazaar   | Found Ruimio Daxu's Weapon Emporium.
 32806 | Bazaar   | Found Vieniah's Assorted Antiques.
 32815 | Bazaar   | Bought a scroll of blinking for 90 gold pieces
 32819 | Bazaar   | Bought a scroll of teleportation for 45 gold pieces
 32846 | Bazaar   | Bought a fabulously ornate robe for 119 gold pieces
 32846 | Bazaar   | Identified the +1 robe of Vemeoran {rPois Int-4 Dex+4
                  | Archmagi} (You bought it in a shop in a bazaar)
 32850 | Bazaar   | Bought a scroll of fear for 48 gold pieces
 32850 | Bazaar   | Bought a scroll of fear for 48 gold pieces
 32997 | Vaults:1 | Reached skill level 19 in Unarmed Combat
 33749 | Vaults:1 | Reached skill level 15 in Fighting
 34393 | Abyss:3  | Cast into level 3 of the Abyss (a wizard)
 34412 | Vaults:2 | Escaped the Abyss
 34547 | Vaults:2 | Found Ybbobbeu's Jewellery Emporium.
 34563 | Vaults:2 | Reached skill level 20 in Unarmed Combat
 35298 | Vaults:3 | Reached XP level 21. HP: 197/197 MP: 29/29
 35786 | Vaults:3 | Paralysed by a great orb of eyes for 3 turns
 35834 | Vaults:3 | Identified the +3 scale mail "Susexeant" {rC+}
 35960 | Vaults:3 | Noticed a dread lich
 35971 | Vaults:3 | Killed a dread lich
 36729 | Vaults:4 | Identified the +1 pair of gloves "Oroyroja" {-Tele rN+
                  | Dex+4 SInv}
 37971 | Depths:1 | Entered Level 1 of the Depths
 38035 | Depths:1 | Reached XP level 22. HP: 212/212 MP: 30/30
 38178 | Depths:1 | Identified a scroll of acquirement
 38202 | Depths:1 | Acquired the ring of Wytiror {rPois rF++ rC+}
 38596 | Depths:1 | Found a gateway to Hell.
 38760 | Depths:1 | Got Plog's Folio of the Lungs
 38859 | Depths:2 | Reached skill level 5 in Spellcasting
 38969 | Depths:2 | Found a one-way gateway to a ziggurat.
 39130 | Depths:2 | Found a one-way gate leading to the halls of Pandemonium.
 39843 | Depths:3 | Reached skill level 15 in Earth Magic
 39922 | Depths:3 | Found a white marble altar of Elyvilon.
 40005 | Depths:3 | Found a one-way gate to the infinite horrors of the Abyss.
 40239 | Depths:3 | You fall into a shaft and drop 1 floor!
 40239 | Depths:4 | Entered Level 4 of the Depths
 40492 | Depths:4 | Noticed Margery
 40505 | Depths:4 | Killed Margery
 40614 | Depths:4 | Identified the ring "Zesikent" {Ice rPois}
 40614 | Depths:4 | Noticed Josephina
 40615 | Depths:4 | Noticed a golden dragon
 40622 | Depths:4 | Killed a golden dragon
 40623 | Depths:4 | Reached XP level 23. HP: 219/219 MP: 35/35
 40624 | Depths:4 | Killed Josephina
 40770 | Depths:4 | Found Zoing's Book Boutique.
 40772 | Depths:4 | Found Gomichev's Jewellery Emporium.
 40773 | Depths:4 | Found Zitexzid's Book Boutique.
 40890 | Depths:4 | Identified the +7 mace "Cobresio" {drain, rF- rC- rN+++
                  | Int+3}
 41020 | Depths:4 | Found a gate to the Realm of Zot.
 41699 | Abyss:3  | Cast into level 3 of the Abyss (a wizard)
 41772 | Depths:3 | Escaped the Abyss
 42461 | Crypt:1  | Entered Level 1 of the Crypt
 42928 | Crypt:1  | Paralysed by something for 5 turns
 43289 | Crypt:1  | Found a runed door.
 43384 | Crypt:1  | Reached skill level 15 in Dodging
 43391 | Crypt:1  | Reached skill level 21 in Unarmed Combat
 43847 | Crypt:1  | Noticed a dread lich
 43853 | Crypt:1  | Killed a dread lich
 43887 | Crypt:1  | Identified the amulet "Ughufof" {Reflect rPois SH+5}
 44043 | Crypt:1  | Acquired 603 gold pieces
 44114 | Crypt:2  | Noticed a royal mummy
 44116 | Crypt:2  | Noticed Khufu
 44117 | Crypt:2  | Noticed a royal mummy
 44226 | Crypt:2  | Noticed Jory
 44228 | Crypt:2  | Killed Khufu
 44232 | Crypt:2  | Killed a royal mummy
 44240 | Crypt:2  | Killed Jory
 44269 | Crypt:2  | Reached XP level 24. HP: 230/230 MP: 36/36
 44276 | Crypt:2  | Killed a royal mummy
 44302 | Crypt:2  | Found a basalt altar of Yredelemnul.
 44992 | Crypt:3  | Entered Level 3 of the Crypt
 45129 | Crypt:3  | Found the +7 great mace "Undeadhunter" {disrupt, rN+}
 45149 | Crypt:3  | Reached skill level 22 in Unarmed Combat
 45277 | Crypt:3  | Noticed Grunn
 45310 | Crypt:3  | Killed Grunn
 45390 | Crypt:3  | Found a staircase to the Tomb.
 45804 | Crypt:3  | Identified the amulet of Omnenyat {*Corrode rC+ Regen+
                  | Str+6}
 45804 | Crypt:3  | Identified the ring "Jieqenog" {rPois rF+ rN+ Int+4}
 45804 | Crypt:3  | Identified the ring "Ekuoh Merr" {rN+ Str+5 Dex+3}
 45856 | Crypt:3  | Noticed an ancient lich
 45866 | Crypt:3  | Killed an ancient lich
 45880 | Crypt:3  | Identified the +9 short sword of the Walnut {speed, rPois}
 45889 | Crypt:3  | Identified the +0 scale mail of Theory {Dex+4}
 46379 | Tomb:1   | Entered Level 1 of the Tomb of the Ancients
 46459 | Tomb:1   | Paralysed by a sphinx for 3 turns
 46811 | Tomb:1   | Noticed a royal mummy
 46814 | Tomb:1   | Noticed a royal mummy
 46815 | Tomb:1   | Noticed a royal mummy
 46864 | Tomb:1   | Killed a royal mummy
 46926 | Tomb:1   | Gained mutation: You are weak. (Str -2) [mutagenic glow]
 46927 | Tomb:1   | Killed a royal mummy
 46928 | Tomb:1   | Reached skill level 23 in Unarmed Combat
 46940 | Tomb:1   | Gained mutation: You are dopey. (Int -2) [mutagenic glow]
 46942 | Tomb:1   | Killed a royal mummy
 46949 | Tomb:1   | Gained mutation: You have hidden genetic defects.
                  | [mutagenic glow]
 46967 | Tomb:1   | Gained mutation: You are agile. (Dex +4, Str/Int -1)
                  | [mutagenic glow]
 47724 | Zot:1    | Entered Level 1 of the Realm of Zot
 48010 | Zot:1    | Gained mutation: Your body sometimes deteriorates upon
                  | taking damage. [hidden defects]
 48027 | Zot:1    | Lost mutation: You are weak. (Str -2) [potion of mutation]
 48027 | Zot:1    | Lost mutation: Your body sometimes deteriorates upon taking
                  | damage. [potion of mutation]
 48027 | Zot:1    | Lost mutation: You have hidden genetic defects. [potion of
                  | mutation]
 48027 | Zot:1    | Gained mutation: You have a somewhat thin skeletal
                  | structure. (Dex +2, Stealth+) [potion of mutation]
 48027 | Zot:1    | Gained mutation: You have sharp toenails. [potion of
                  | mutation]
 48253 | Zot:1    | Reached XP level 25. HP: 110/242 MP: 36/36
 48468 | Zot:1    | Reached skill level 24 in Unarmed Combat
 49651 | Vaults:5 | Entered Level 5 of the Vaults
 49651 | Vaults:5 | Noticed Sojobo
 49654 | Vaults:5 | Paralysed by an air elemental for 1 turns
 49658 | Vaults:5 | Killed Sojobo
 49775 | Vaults:5 | Identified the +0 chain mail of the Mind {rPois rF- MP+9}
 49906 | Vaults:5 | Identified the +6 arbalest "Taus Irun" {vorpal, *Slow Str+4
                  | Dex+4 Stlth+}
 50246 | Vaults:5 | Noticed a dread lich
 50250 | Vaults:5 | Noticed a dread lich
 50253 | Vaults:5 | Killed a dread lich
 50263 | Vaults:5 | Killed a dread lich
 50266 | Vaults:5 | Reached skill level 25 in Unarmed Combat
 50366 | Vaults:5 | Found the ring of the Octopus King {rN+ HP+2 AC+2 EV+2
                  | SH+2}
 50799 | Vaults:5 | Identified the +0 steam dragon scales "Saosu" {Fly rElec
                  | rCorr Dex+4}
 51154 | Vaults:5 | Reached XP level 26. HP: 247/253 MP: 36/36
 51169 | Vaults:5 | Identified the +8 halberd "Uwitz" {elec, Will+++ Str-4
                  | Dex+4}
 51224 | Vaults:5 | Got Noruz's Incunabulum of Pestilence and the Figure
 51234 | Vaults:5 | Identified the +13 plate armour of the Harvest {rPois rF+
                  | Int-2}
 51236 | Vaults:5 | Got the Codex of Conjuration and Metamorphosis
 51240 | Vaults:5 | Identified the +0 cloak "Odey" {-Tele rCorr Str+2 Int+4}
 51247 | Vaults:5 | Got a silver rune of Zot
 51261 | Vaults:5 | Got the Compilation of Destructive Frostbite
 52442 | Zot:2    | Acquired 899 gold pieces
 52500 | Zot:3    | Reached skill level 26 in Unarmed Combat
 53274 | Zot:4    | Reached skill level 27 in Unarmed Combat
 53630 | Zot:4    | Reached skill level 10 in Throwing
 53950 | Zot:4    | Found Musaopt's Changing Room.
 54034 | Zot:4    | Bought a book of Changes for 216 gold pieces
 54037 | Zot:4    | Learned a level 2 spell: Wereblood
 54287 | Zot:5    | Entered Level 5 of the Realm of Zot
 54317 | Zot:5    | Reached XP level 27. HP: 254/254 MP: 36/36
 54702 | Zot:5    | Noticed a dread lich
 54710 | Zot:5    | Killed a dread lich
 54716 | Zot:5    | Noticed an orb of fire
 54717 | Zot:5    | Noticed an orb of fire
 54719 | Zot:5    | Noticed an orb of fire
 54719 | Zot:5    | Noticed an ancient lich
 54720 | Zot:5    | Noticed an orb of fire
 54722 | Zot:5    | Killed an orb of fire
 54723 | Zot:5    | Noticed an orb of fire
 54726 | Zot:5    | Killed an ancient lich
 54727 | Zot:5    | Noticed an orb of fire
 54727 | Zot:5    | Gained mutation: You sometimes lose your temper in combat.
                  | [an orb of fire]
 54727 | Zot:5    | Gained mutation: You are weak. (Str -2) [an orb of fire]
 54729 | Zot:5    | Killed an orb of fire
 54734 | Zot:5    | Killed an orb of fire
 54735 | Zot:5    | Gained mutation: You occasionally lose the ability to read
                  | scrolls when taking damage. [an orb of fire]
 54739 | Zot:5    | Gained mutation: You occasionally shout uncontrollably at
                  | your foes. [an orb of fire]
 54743 | Zot:5    | Killed an orb of fire
 54744 | Zot:5    | Killed an orb of fire
 54745 | Zot:5    | Killed an orb of fire
 54755 | Zot:5    | Noticed an orb of fire
 54755 | Zot:5    | Noticed an orb of fire
 54757 | Zot:5    | Noticed an orb of fire
 54763 | Zot:5    | Noticed an orb of fire
 54767 | Zot:5    | Killed an orb of fire
 54767 | Zot:5    | Noticed a dread lich
 54767 | Zot:5    | Gained mutation: You have an uncontrollable temper. [an orb
                  | of fire]
 54768 | Zot:5    | Gained mutation: You sometimes lose the ability to read
                  | scrolls when taking damage. [an orb of fire]
 54769 | Zot:5    | Gained mutation: You have razor-sharp toenails. [an orb of
                  | fire]
 54769 | Zot:5    | Gained mutation: You are very dopey. (Int -4) [an orb of
                  | fire]
 54774 | Zot:5    | Gained mutation: You are vulnerable to heat. (rF-) [an orb
                  | of fire]
 54782 | Zot:5    | Lost mutation: You have an increased reservoir of magic.
                  | (+10% MP) [potion of mutation]
 54782 | Zot:5    | Lost mutation: You are very dopey. (Int -4) [potion of
                  | mutation]
 54782 | Zot:5    | Lost mutation: You are vulnerable to heat. (rF-) [potion of
                  | mutation]
 54782 | Zot:5    | Gained mutation: You are very agile. (Dex +8, Str/Int -2)
                  | [potion of mutation]
 54783 | Zot:5    | Lost mutation: You have razor-sharp toenails. [potion of
                  | mutation]
 54783 | Zot:5    | Lost mutation: You are weak. (Str -2) [potion of mutation]
 54783 | Zot:5    | Lost mutation: You are dopey. (Int -2) [potion of mutation]
 54783 | Zot:5    | Gained mutation: Your magical capacity is low. (-10% MP)
                  | [potion of mutation]
 54783 | Zot:5    | Gained mutation: You are strong-willed. (Will+) [potion of
                  | mutation]
 54784 | Zot:5    | Lost mutation: You have sharp toenails. [potion of
                  | mutation]
 54784 | Zot:5    | Lost mutation: You have a somewhat thin skeletal structure.
                  | (Dex +2, Stealth+) [potion of mutation]
 54784 | Zot:5    | Gained mutation: You are weak. (Str -2) [potion of
                  | mutation]
 54784 | Zot:5    | Gained mutation: You have hidden genetic potential. [potion
                  | of mutation]
 54880 | Zot:5    | Killed an orb of fire
 54886 | Zot:5    | Killed an orb of fire
 54907 | Zot:5    | Killed an orb of fire
 54922 | Zot:5    | Killed a dread lich
 55701 | Zot:5    | Lost mutation: Your magical capacity is low. (-10% MP)
                  | [potion of mutation]
 55701 | Zot:5    | Lost mutation: You have hidden genetic potential. [potion
                  | of mutation]
 55701 | Zot:5    | Gained mutation: Your spells are a little easier to cast,
                  | but a little less powerful. [potion of mutation]
 55701 | Zot:5    | Gained mutation: You have a pair of small horns on your
                  | head. [potion of mutation]
 55702 | Zot:5    | Lost mutation: You are strong-willed. (Will+) [potion of
                  | mutation]
 55702 | Zot:5    | Lost mutation: You are weak. (Str -2) [potion of mutation]
 55702 | Zot:5    | Lost mutation: You occasionally shout uncontrollably at
                  | your foes. [potion of mutation]
 55702 | Zot:5    | Gained mutation: You have a somewhat thin skeletal
                  | structure. (Dex +2, Stealth+) [potion of mutation]
 55703 | Zot:5    | Lost mutation: You have an uncontrollable temper. [potion
                  | of mutation]
 55703 | Zot:5    | Lost mutation: You have a somewhat thin skeletal structure.
                  | (Dex +2, Stealth+) [potion of mutation]
 55703 | Zot:5    | Gained mutation: Your body sometimes deteriorates upon
                  | taking damage. [potion of mutation]
 55703 | Zot:5    | Gained mutation: Your mind is acute. (Int +4, Str/Dex -1)
                  | [potion of mutation]
 55703 | Zot:5    | Gained mutation: You have sharp toenails. [potion of
                  | mutation]
 55704 | Zot:5    | Lost mutation: You have a pair of small horns on your head.
                  | [potion of mutation]
 55704 | Zot:5    | Lost mutation: You sometimes lose your temper in combat.
                  | [potion of mutation]
 55704 | Zot:5    | Gained mutation: You expend magic power (3 MP) to
                  | strengthen your wands. [potion of mutation]
 55705 | Zot:5    | Got the Orb of Zot
 55937 | Depths:2 | Noticed Munedo the pandemonium lord
 55948 | Depths:2 | Killed Munedo the pandemonium lord
 55955 | Depths:2 | HP: 11/270 [Ice Fiend[Munedo] (9)]
 55955 | Depths:2 | HP: 3/270 [Ice Fiend[Munedo] (8)]
 55960 | Depths:2 | HP: 3/270 [blizzard demon/the air (17)]
 56449 | D:1      | Noticed Sokenui the pandemonium lord
 56456 | D:1      | Killed Sokenui the pandemonium lord
 56470 | D:$      | Escaped with the Orb!

Illustrated notes

Levels and vault maps discovered:
D:1:      dpeg_arrival_concentric_ovals, layout_loops_ring,
          basic_ecumenical_altar, kennysheep_small_spiral
D:2:      layout_rooms, serial_shops, nicolae_shop_stone, shop, uniq_robin
D:3:      layout_basic, mainiacjoe_overflow_big_doors, serial_shops, shop,
          uniq_crazy_yiuf_cottage
D:4:      layout_gridville, overflow_temple_1_default, uniq_edmund
D:5:      minmay_angry_zag, layout_basic, uniq_grinder, uniq_pikel
D:6:      layout_cave_pools, lemuel_round_altar, nicolae_ossuary_entry_monument,
          minmay_misc_feat_four_crosses, serial_bayou_crossing
D:7:      layout_loops_ring, minmay_temple_entry_drinking_statues,
          grunt_ministairs_9
D:8:      layout_basic, nicolae_ru_awakened_eye,
          nicolae_qazlal_style_of_elements
D:9:      layout_rooms
D:10:     layout_roguey, due_lair_maze_entry_diamond, hangedman_decor_riveting
D:11:     layout_big_octagon, serial_column_ruins, column_ruins_hut,
          column_ruins_square_large, column_ruins_grid_1,
          column_ruins_open_medium, column_ruins_corridor_T,
          grunt_decor_arrowhead, grunt_ministairs_4
D:12:     layout_long_grid, orc_0_dummy, uniq_gastronok
D:13:     layout_roguey, grunt_vaults_entry_tiered
D:14:     layout_cave_pools, nicolae_gozag_cash_rules_everything_around_me,
          uniq_azrael
D:15:     grunt_enter_depths_snipers, layout_basic,
          nicolae_cairo_tiling_large_dashed, fedhas_altar_2
Lair:1:   dragon1_lemuel, layout_cave_pods
Lair:2:   layout_regular_city, elwin_shoals_entry_stream,
          nicolae_lair_run_with_the_wolves, grunt_megastairs_5
Lair:3:   layout_chaotic_city, dummy_snake_entry, nicolae_quartered_pool_medium,
          lemuel_fruit_fields
Lair:4:   mu_elephants_graveyard, layout_regular_city,
          dpeg_slime_entry_enclosed, lemuel_fruit_tree, uniq_rupert
Lair:5:   evilmike_catoblepas_cave, layout_hall_layers, st_stairs_9, uniq_urug
Shoals:1: layout_shoals, ebering_ghost_gozag, regret_index_shoals_crete
Shoals:2: cheibrodos_shoals_three_sisters, layout_shoals,
          portal_ice_cave_entry_ice_statue_one,
          nicolae_shoals_lost_giant_temple, nicolae_stop_n_shop_2
Shoals:3: layout_shoals
Shoals:4: shoals_end_hellmonk_lost_city, uniq_polyphemus, uniq_mara
Snake:1:  layout_cave_shapes, nicolae_shop_gadgets
Snake:2:  nicolae_cobra_stairs, layout_layer_cave,
          nicolae_snake_salamander_fort, uniq_aizul, uniq_louise, uniq_jorgrun
Snake:3:  layout_misc_corridors, special_room, serial_shops, shop_fountains
Snake:4:  minmay_snake_end_coiled, layout_cave_town, drop_trap, minmay_shoptagon
Orc:1:    layout_caves
Orc:2:    st_orc_elflike, layout_diamond_mine, nicolae_orc_lava_tube,
          minmay_orc_temple_c, uniq_snorg
Elf:1:    elf_arrival_001, layout_geoelf_octagon, minmay_elf_annihilation,
          solitary_fountain
Elf:2:    elven_hall_of_blades_hangedman_original
          [infiniplex_blade_entry_pillars], layout_gridlike,
          nicolae_elf_loose_elemental_storage
Elf:3:    grunt_elf_hall_spiral, layout_onion_city
Vaults:1: nicolae_vaults_puzzle_piece, v_alt_pattern_2,
          nicolae_vaults_twisting_passages, vaults_room_semicircle,
          hangedman_vaults_capsules, nicolae_vaults_mini_display_case,
          layout_vaults_omnigrid, serial_shops, bzr_entry_water
Vaults:2: v_pattern_2, v_misc_33, v_alt_pattern_5, v_alt_pattern_3,
          hangedman_vaults_nodes, ontoclasm_vaults_bender, v_misc_4,
          nicolae_vaults_network_periphery, v_misc_22, vaults_room_ringed_pool,
          serial_ice_b, nicolae_vaults_little_squares_4, vaults_mumra_lcd,
          layout_vaults_omnibox, serial_shops, nicolae_shop_waterfront
Vaults:3: minmay_crypt_entry_simple_round, nicolae_vaults_ninety_degrees,
          nicolae_vaults_disjoint_gnomons, hangedman_vaults_snaps, st_diamondy,
          ontoclasm_vaults_eye, ontoclasm_vaults_misaligned, v_misc_15,
          nicolae_vaults_rhombus_6, v_misc_18, v_misc_29,
          nicolae_vaults_bisected_slash, layout_vaults_ring
Vaults:4: v_rooms_5, vaults_mumra_hexcomb, v_alt_pattern_1,
          vaults_room_stairs_pillars, grunt_vaults_hallway_short,
          nicolae_vaults_diagonal_hallway_8, vaults_dpeg_spiral,
          nicolae_vaults_what_the_h, nicolae_vaults_little_squares_3,
          hangedman_vaults_slice, vaults_room_pools, hangedman_vaults_nails,
          vaults_room_stairs_pillars, vaults_standard_mumra_enter_the_diamond,
          layout_vaults_big_room
Vaults:5: uniq_sojobo
Crypt:1:  evilmike_wizard_prison, layout_regular_city,
          grunt_crypt_arrival_webbed
Crypt:2:  layout_basic, lemuel_statue_altar, uniq_jory, uniq_khufu
Crypt:3:  david_glass_crypt, layout_basic, columned_hall_lemuel,
          minmay_misc_feat_rows, uniq_grunn
Tomb:1
Depths:1: layout_small_grid, chequers_serial_rivers_micro_b,
          hangedman_coc_ice_floe, grunt_ministairs_13,
          hangedman_research_electronics, kennysheep_random_hallway
Depths:2: kennysheep_ambush_hall, layout_gridlike, enter_ziggurat_d,
          nrook_mini_vaults, hell_entry, rand_demon_pan_entry_4,
          minmay_staircase_bubble
Depths:3: kb_forest_paths, layout_cave_shapes, abyss_entry, hell_entry,
          nicolae_elyvilon_temple_path, serial_bayou_shore_b,
          infiniplex_staircase_zigzag_4
Depths:4: evilmike_zot_entry_diamond, layout_cave_shapes,
          pf_hell_entry_tar_river, serial_bayou, serial_bayou_lagoon_a,
          serial_bayou_pond_c, serial_bayou_lagoon_b, serial_bayou_pond_a,
          serial_bayou_shore_b, serial_bayou_pond_a, grunt_pan_entry_spiral,
          minmay_shop_grove, uniq_margery, uniq_josephina
Zot:1:    layout_cathedral_of_symmetry
Zot:2:    layout_onion
Zot:3:    lemuel_firehouse, layout_onion_interference
Zot:4:    layout_misc_corridors, nicolae_transmutations_shop, evilmike_ambush
          [evilmike_ambush_outer_basic, evilmike_ambush_inner_basic]
Zot:5:    layout_cathedral_of_symmetry

Skill      XL: |  1  2  3  4  5  6  7  8  9 10 11 12 13 14 15 16 17 18 19 20 21 22 23 24 25 26 27 |
---------------+----------------------------------------------------------------------------------+-----
Fighting       | 2 3 4 5 6 7 8 9 10 11 12 13 14 15 17 18 19 20 22 | 22.7
Throwing       | 1 2 3 4 5 11 | 11.1
Unarmed Combat | 4 5 7 10 11 12 13 14 16 18 20 21 23 25 27 | 27.0
Invocations    | 1 3 4 6 7 8 |  8.7
Earth Magic    | 4 8 10 12 13 14 15 16 | 16.7
Transmutations | 2 4 7 9 10 12 13 | 13.4
Spellcasting   | 3 4 6 7 |  7.1
Dodging        | 3 7 9 10 12 14 15 | 15.0
Shields        | 6 9 10 | 10.3
Conjurations   | |  2.1

Action                   |  1- 3 |  4- 6 |  7- 9 | 10-12 | 13-15 | 16-18 | 19-21 | 22-24 | 25-27 || total
-------------------------+-------+-------+-------+-------+-------+-------+-------+-------+-------++-------
Melee: Unarmed           |   100 |   165 |   301 |   481 |   724 |   859 |   855 |  1142 |   846 ||  5473
       Punch             |       |     3 |    14 |    42 |    54 |       |       |       |       ||   113
       Kick              |       |       |       |       |       |       |       |    30 |   361 ||   391
Throw: Dart              |       |    19 |    21 |    58 |     4 |       |       |       |       ||   102
       Large rock        |       |       |       |     9 |     4 |    12 |     7 |       |    53 ||    85
       Boomerang         |       |       |       |     1 |     1 |       |       |       |       ||     2
       Javelin           |       |       |       |       |     6 |     1 |       |     2 |       ||     9
 Cast: Statue Form       |       |       |       |       |    61 |    84 |    68 |    82 |    56 ||   351
       Wereblood         |       |       |       |       |       |       |       |       |     7 ||     7
Invok: Ancestor Life: He |       |       |     1 |       |       |       |       |       |       ||     1
       Recall Ancestor   |       |       |       |     8 |     4 |     1 |     2 |     4 |     7 ||    26
       Transference      |       |       |       |     1 |       |       |       |       |       ||     1
       Idealise          |       |       |       |     4 |    10 |     8 |     6 |     9 |     6 ||    43
 Abil: End Transformatio |       |       |       |       |     1 |       |       |       |       ||     1
Evoke: Wand              |       |       |       |       |     1 |       |       |     6 |     3 ||    10
  Use: Scroll            |     3 |     3 |    11 |     9 |    10 |    15 |    17 |    14 |    10 ||    92
       Potion            |       |       |       |     6 |     3 |     8 |    17 |    18 |    25 ||    77
 Stab: Sleeping          |       |     1 |       |       |       |       |       |       |     1 ||     2
       Confused          |       |       |     6 |    13 |    18 |     4 |    30 |    56 |    31 ||   158
       Distracted        |       |       |       |     4 |    10 |     7 |     7 |     8 |    21 ||    57
       Invisible         |       |       |       |     1 |       |       |       |       |       ||     1
       Paralysed         |       |       |       |       |    21 |    82 |    88 |    74 |    38 ||   303
       Petrified         |       |       |       |       |       |       |     3 |       |       ||     3
Armor: Robe              |    63 |    50 |   112 |     5 |       |       |       |       |       ||   230
       Steam dragon scal |       |       |       |   161 |    86 |    48 |    32 |    67 |    48 ||   442
       Skin              |       |       |       |    28 |   476 |   615 |   509 |   585 |   310 ||  2523
Dodge: Dodged            |    51 |    65 |   138 |   195 |   397 |   486 |   517 |   657 |   492 ||  2998
Block: Kite shield       |       |       |       |       |   112 |   666 |   767 |   872 |   601 ||  3018
       Reflection        |       |       |       |       |       |    76 |   100 |     8 |    18 ||   202

Table legend: (Time is in decaauts)
 A = Elapsed time spent in this place.
 B = Non-inter-level travel time spent in this place.
 C = Inter-level travel time spent in this place.
 D = Time resting spent in this place.
 E = Time spent auto-exploring this place.
 F = Levels seen in this place.
 G = Mean time per level.
                   A        B        C        D        E       F      G
               +--------+--------+--------+--------+--------+-----+--------+
         Total |  64583 |  57885 |   6698 |   1972 |  41373 |  57 | 1133.0 |
       Dungeon |  14285 |  12177 |   2108 |    299 |   9143 |  15 |  952.3 |
          Lair |   7228 |   6168 |   1060 |    300 |   4718 |   5 | 1445.6 |
        Shoals |   4569 |   4180 |    389 |    252 |   2559 |   4 | 1142.2 |
     Snake Pit |   5410 |   5130 |    280 |     43 |   3831 |   4 | 1352.5 |
  Orcish Mines |   1654 |   1390 |    264 |     10 |   1067 |   2 |  827.0 |
   Elven Halls |   3944 |   3733 |    211 |    284 |   2405 |   3 | 1314.7 |
        Vaults |   8794 |   7717 |   1077 |    257 |   5588 |   5 | 1758.8 |
         Crypt |   4423 |   4201 |    222 |     61 |   3141 |   3 | 1474.3 |
          Tomb |   1287 |   1170 |    117 |     14 |    758 |   1 | 1287.0 |
        Depths |   5773 |   5152 |    621 |     54 |   3733 |   4 | 1443.2 |
           Zot |   6565 |   6221 |    344 |    395 |   4188 |   5 | 1313.0 |
         Abyss |    362 |    362 |      0 |      0 |    105 |   3 |  120.7 |
        Bazaar |     58 |     58 |      0 |      0 |     28 |   1 |   58.0 |
       Ossuary |    192 |    192 |      0 |      0 |    104 |   1 |  192.0 |
      Ice Cave |     33 |     33 |      0 |      0 |      0 |   1 |   33.0 |
               +--------+--------+--------+--------+--------+-----+--------+

Top non-repeatable levels by time:
 Snake:2: 2123 daAuts
Vaults:5: 2028 daAuts
 Crypt:1: 2022 daAuts
Vaults:3: 1830 daAuts
Vaults:2: 1824 daAuts
   Zot:1: 1770 daAuts
Depths:4: 1749 daAuts
Vaults:1: 1742 daAuts
   Zot:5: 1680 daAuts
   Elf:3: 1654 daAuts
  Lair:2: 1602 daAuts
Shoals:2: 1587 daAuts
  Lair:5: 1569 daAuts
 Snake:4: 1568 daAuts
  Lair:3: 1505 daAuts
